 Dungeon Crawl Stone Soup version 0.25.1-8-g42b30a86e7 (webtiles) character file.

Game seed: 13251945997923242385

41189 growler the Brawler (level 13, -2/110 HPs)
             Began as a Black Draconian Transmuter on Dec 12, 2020.
             Was a Believer of Uskayaw.
             Slain by an eight-headed hydra (15 damage)
             ... on level 5 of the Lair of Beasts.
             The game lasted 01:12:22 (18362 turns).

growler the Brawler (Black Draconian Transmuter)   Turns: 18362, Time: 01:12:23

Health: -2/110     AC: 15    Str: 22    XL:     13   Next: 78%
Magic:  20/20      EV: 16    Int: 16    God:    Uskayaw [**....]
Gold:   1173       SH:  0    Dex: 13    Spells: 7/22 levels left

rFire    . . .     SeeInvis .     - Unarmed
rCold    . . .     Gourm    .   (no shield)
rNeg     + . .     Faith    .   (armour unavailable)
rPois    +         Spirit   .   (helmet restricted)
rElec    +         Reflect  .   L - +2 ratskin cloak {+Rats rPois rN+ Str-1 Int-1 Dex+1}
rCorr    .         Harm     .   V - +0 pair of gloves of Beogh's Outrage {Regen+ Int+3}
MR       .....                  Z - +2 pair of boots
Stlth    +.........             p - amulet of regeneration
HPRegen  1.08/turn              Q - ring of wizardry
MPRegen  0.17/turn              q - +6 ring of strength

@: no status effects
A: breathe lightning, unfitting armour, electricity resistance, cold-blooded, AC
+8
a: Breathe Lightning, Stomp, Line Pass, Renounce Religion, Evoke Ratskin


You were on level 5 of the Lair of Beasts.
You worshipped Uskayaw.
Uskayaw was aware of your devotion.
You were hungry.

You visited 3 branches of the dungeon, and saw 17 of its levels.
You also visited: Gauntlet.

You collected 1173 gold pieces.

Inventory:

Missiles
 a - 264 arrows
 x - 12 silver javelins
 A - a throwing net (quivered) {!f}
Armour
 L - the +2 ratskin cloak (worn) {+Rats rPois rN+ Str-1 Int-1 Dex+1}
   (You found it on level 8 of the Dungeon)

   It affects your strength (-1).
   It affects your intelligence (-1).
   It affects your dexterity (+1).
   It protects you from poison.
   It protects you from negative energy.
 T - the +0 cloak "Myfef" {Regen+ Dex+4}
   (You found it on level 2 of the Lair of Beasts)

   It affects your dexterity (+4).
   It increases your rate of regeneration.
 V - the +0 pair of gloves of Beogh's Outrage (worn) {Regen+ Int+3}
   (You found it in a Gauntlet)

   It affects your intelligence (+3).
   It increases your rate of regeneration.
 Z - a +2 pair of boots (worn)
   (You found it on level 2 of the Lair of Beasts)
Jewellery
 i - an uncursed ring of protection from fire
   (You found it on level 3 of the Dungeon)
 l - an uncursed ring of protection from magic
   (You found it on level 4 of the Dungeon)
 p - an amulet of regeneration (around neck)
   (You found it on level 3 of the Dungeon)
 q - a +6 ring of strength (right hand)
   (You found it on level 3 of the Dungeon)
 z - an uncursed ring of see invisible
   (You found it on level 4 of the Dungeon)
 G - an uncursed amulet of magic regeneration
   (You found it on level 6 of the Dungeon)
 Q - a ring of wizardry (left hand)
   (You found it on level 3 of the Lair of Beasts)
Wands
 c - a wand of disintegration (14)
   (You found it on level 3 of the Lair of Beasts)
 d - a wand of iceblast (19)
   (You found it on level 5 of the Dungeon)
 t - a wand of flame (38)
   (You found it in a Gauntlet)
 u - a wand of paralysis (17)
   (You took it off Maurice on level 8 of the Dungeon)
 v - a wand of digging (18)
   (You found it on level 3 of the Dungeon)
 E - a wand of polymorph (6)
   (You found it on level 4 of the Lair of Beasts)
Scrolls
 b - 9 scrolls of teleportation {@r4}
 f - 3 scrolls of enchant weapon
 n - 5 scrolls of magic mapping
 o - a scroll of immolation {!r}
 r - 7 scrolls of remove curse {@r2}
 s - 2 scrolls of fog
 w - a scroll of silence
 C - a scroll of noise {unknown}
 I - 2 scrolls of enchant armour
 N - a scroll of acquirement {unknown}
 O - 2 scrolls of amnesia
 U - a scroll of summoning {unknown}
 W - a scroll of vulnerability {unknown}
Potions
 g - 6 potions of curing {unknown}
 j - 5 potions of degeneration {unknown}
 k - 2 potions of heal wounds {@q2}
 m - a potion of resistance
 B - 3 potions of might
 D - 2 potions of mutation {!q}
 F - a potion of haste {@q3}
 H - 2 potions of cancellation
 K - a potion of brilliance
 M - a potion of invisibility
 P - 2 potions of stabbing
 R - a potion of berserk rage
Miscellaneous
 S - a phantom mirror
 X - a lightning rod (2/4) {!a}
   (You found it in a Gauntlet)
 Y - a phial of floods
   (You found it in a Gauntlet)
Comestibles
 e - 23 rations {!d}
 J - 3 chunks of flesh


   Skills:
 + Level 8.8 Fighting
 + Level 7.5 Dodging
 + Level 15.9 Unarmed Combat
 - Level 5.0 Spellcasting
 - Level 9.0 Transmutations
 - Level 5.0 Ice Magic
 - Level 2.0 Poison Magic
 - Level 9.0 Invocations


You had 7 spell levels left.
You knew the following spells:

 Your Spells              Type           Power        Failure   Level  Hunger
a - Beastly Appendage     Tmut           ####..       1%          1    None
b - Blade Hands           Tmut           ####......   4%          5    ######.
c - Ice Form              Ice/Tmut       ####....     3%          4    ####...
s - Sticks to Snakes      Tmut           ####....     1%          2    #......
x - Spider Form           Tmut/Pois      ###.......   1%          3    ###....

Your spell library contained the following spells:

 Spells                   Type           Power        Failure   Level  Hunger
 Magic Dart               Conj           #...         6%          1    None
 Shock                    Conj/Air       #...         6%          1    None
 Poisonous Vapours        Pois/Air       #.....       6%          2    #......
 Blink                    Tloc           N/A          9%          2    #......
 Call Imp                 Summ           #.......     9%          2    #......
 Slow                     Hex            #.......     9%          2    #......
 Swiftness                Chrm/Air       #.......     9%          2    #......
 Petrify                  Tmut/Erth      ###.....     10%         4    ####...
 Mephitic Cloud           Conj/Pois/Air  #.......     14%         3    ###....
 Confusing Touch          Hex            #.......     17%         3    ###....
 Conjure Flame            Conj/Fire      #.......     17%         3    ###....
 Gell's Gravitas          Tloc           #.........   17%         3    ###....
 Static Discharge         Conj/Air       #.......     17%         3    ###....
 Yara's Violent Unravell  Hex/Tmut       ###.......   26%         5    ######.
 Airstrike                Air            #.........   50%         4    ####...
 Metabolic Englaciation   Hex/Ice        ##........   50%         5    ######.
 Ozocubu's Refrigeration  Ice            ###.......   71%         6    #######
 Lightning Bolt           Conj/Air       #.........   82%         5    ######.
 Simulacrum               Ice/Necr       ##........   96%         6    #######
 Freezing Cloud           Conj/Ice/Air   #.........   99%         6    #######
 Ring of Flames           Chrm/Fire      #.........   100%        7    #######


Dungeon Overview and Level Annotations

Branches:
Dungeon (11/15)            Temple (1/1) D:7            Lair (5/6) D:9
 Shoals (0/4) Lair:2        Snake (0/4) Lair:3          Orc (0/2) D:9
Gauntlet (visited)
  Slime: Lair:5-6

Altars:
Ashenzari
Cheibriados
Dithmenos
Elyvilon
Fedhas
Gozag
Hepliaklqana
Kikubaaqudgha
Makhleb
Nemelex Xobeh
Okawaru
Qazlal
Ru
Sif Muna
Trog
Uskayaw
Vehumet
Wu Jian
Xom
Yredelemnul
Zin
The Shining One

Shops:
D:6 }   D:9 =


Innate Abilities, Weirdness & Mutations

You can breathe wild blasts of lightning.
Your glossy black scales are hard. (AC +8)
You cannot fit into any form of body armour.
You are resistant to electric shocks. (rElec)
You are cold-blooded and may be slowed by cold attacks.


Message History

The fire bat completely misses you. The fire bat completely misses you.
The eight-headed hydra is no longer sharing its pain.
The fire bat closely misses you.
You bite the fire bat!
You kill the fire bat!
Uskayaw will no longer force your foes to share their pain.
Okay, then.
Aim: an eight-headed hydra The thunderbolt hits the eight-headed hydra!
Your transformation is almost over.
You hear a howl!
You hear a roar!
Aim: an eight-headed hydra (moderately wounded)
The thunderbolt hits the eight-headed hydra!!
Okay, then.
You hit the eight-headed hydra.
The eight-headed hydra closely misses you.
The eight-headed hydra barely misses you.
The eight-headed hydra bites you! The eight-headed hydra misses you.
The eight-headed hydra barely misses you.
The eight-headed hydra completely misses you. x2
The eight-headed hydra bites you!
* * * LOW HITPOINT WARNING * * *
You completely miss the eight-headed hydra.
Uskayaw will no longer force your foes to helplessly watch your dance.
The eight-headed hydra barely misses you.
The eight-headed hydra bites you!
* * * LOW HITPOINT WARNING * * *
The eight-headed hydra bites you!
* * * LOW HITPOINT WARNING * * *
The eight-headed hydra misses you.
The eight-headed hydra completely misses you.
The eight-headed hydra misses you. The eight-headed hydra bites you!
* * * LOW HITPOINT WARNING * * *
The eight-headed hydra bites you!
* * * LOW HITPOINT WARNING * * *
Okay, then.
You feel much better.
Your transformation has ended.
The +2 ratskin cloak {+Rats rPois rN+ Str-1 Int-1 Dex+1} unmelds from your body.
The +0 pair of gloves of Beogh's Outrage {Regen+ Int+3} unmelds from your body.
Your +2 pair of boots unmelds from your body.
The eight-headed hydra bites you!
* * * LOW HITPOINT WARNING * * *
The eight-headed hydra bites you.
* * * LOW HITPOINT WARNING * * *
The eight-headed hydra bites you.
* * * LOW HITPOINT WARNING * * *
The eight-headed hydra bites you!
You die...

####..........................
###...###P......#..bb......
###....##......#...........
#..........................
##.........##.............. . #
##.#......#####....#........
.P#P#..#.>....##.##.............
.............hD............b....
...............@.........P......
.......<....................).h.
................................
.P....P....#...P#.#........."...
.................#. ..P.........
...........#.....PP. ...........
...........#...... ..P#.........
.#P≈.......#...... .............
≈≈≈≈......^. ...........


You could see an eight-headed hydra and a wolf.

Vanquished Creatures
  A reaper (Gauntlet)
  A minotaur (Gauntlet)
  Fannar (Lair:3)
  3 hydras
  A death knight (D:11)
  A two-headed ogre (D:9)
  4 death yaks (Lair:3)
  Sonja (Lair:3)
  An unseen horror (D:11)
  Pikel (D:6)
  6 elephants (Lair:3)
  4 oklob plants (Lair:4)
  Maurice (D:8)
  An ice statue (Gauntlet)
  A gargoyle (D:9)
  10 spiny frogs
  4 rime drakes
  A kobold demonologist (D:11)
  6 komodo dragons
  2 trolls
  Grinder (D:6)
  3 polar bears
  10 hippogriffs
  5 blink frogs
  A spriggan (Lair:3)
  5 shadows
  16 yaks
  2 basilisks
  2 hungry ghosts (D:8)
  4 fire bats (Lair:5)
  Menkaure (D:7)
  An acid dragon (D:11)
  25 water moccasins
  5 porcupines
  A slave (D:6)
  4 black bears
  4 ice beasts
  2 phantoms
  7 ogres
  10 orc warriors
  8 wolves
  8 centaurs
  11 crocodiles
  Blork the orc (D:6)
  A big kobold (D:8)
  20 bullfrogs
  A wyvern skeleton (D:8)
  5 scorpions
  6 killer bees (D:10)
  A howler monkey (D:9)
  3 crimson imps
  5 bullfrog zombies
  A lava snake (Lair:5)
  A quasit (D:10)
  3 centaur zombies
  11 hounds
  2 jellies
  A bullfrog skeleton (D:9)
  17 orc priests
  3 centaur skeletons
  12 orc wizards
  2 iguanas
  3 hell rats (D:8)
  7 worker ants
  2 hound skeletons
  A howler monkey zombie (D:5)
  2 worker ant zombies
  Robin (D:4)
  7 gnolls
  10 adders
  A howler monkey skeleton (D:7)
  4 river rats (D:8)
  2 shadow imps
  4 worms
  An adder skeleton (D:4)
  A dart slug (D:2)
  8 leopard geckos
  51 orcs
  4 giant cockroaches
  17 goblins
  9 hobgoblins
  8 jackals
  5 quokkas
  2 ball pythons
  A ball python skeleton (D:5)
  7 bats
  2 frilled lizards
  9 kobolds
  20 rats
472 creatures vanquished.

Vanquished Creatures (collateral kills)
  A worker ant (D:4)
  An adder (D:2)
2 creatures vanquished.

Vanquished Creatures (others)
  5 fungi
  8 plants
13 creatures vanquished.

Grand Total: 487 creatures vanquished

Notes
Turn   | Place    | Note
-------+----------+-------------------------------------------
     0 | D:1      | growler the Draconian Transmuter began the quest for the
                  | Orb.
     0 | D:1      | Reached XP level 1. HP: 16/16 MP: 3/3
   247 | D:1      | Reached XP level 2. HP: 10/23 MP: 3/5
   256 | D:1      | Learned a level 2 spell: Sticks to Snakes
  1284 | D:2      | Reached XP level 3. HP: 19/28 MP: 2/6
  1420 | D:2      | Learned a level 3 spell: Spider Form
  2124 | D:2      | Reached XP level 4. HP: 23/35 MP: 8/8
  2267 | D:2      | Reached skill level 1 in Poison Magic
  3089 | D:3      | Reached skill level 4 in Unarmed Combat
  3332 | D:4      | Noticed Robin
  3340 | D:4      | Reached XP level 5. HP: 40/40 MP: 5/9
  3359 | D:4      | Killed Robin
  3590 | D:4      | Reached XP level 6. HP: 30/47 MP: 6/10
  3694 | D:4      | Reached skill level 5 in Unarmed Combat
  4098 | D:4      | Your scales start taking on a glossy black colour.
  4098 | D:4      | Reached XP level 7. HP: 40/52 MP: 7/11
  4098 | D:4      | Gained mutation: You are resistant to electric shocks.
                  | (rElec) [Black Draconian growth]
  4125 | D:4      | Learned a level 4 spell: Ice Form
  4275 | D:4      | Reached skill level 5 in Transmutations
  4404 | D:5      | Entered Level 5 of the Dungeon
  4532 | D:5      | Reached skill level 6 in Unarmed Combat
  5097 | D:6      | Reached skill level 1 in Ice Magic
  5097 | D:6      | Reached XP level 8. HP: 53/59 MP: 8/12
  5175 | D:6      | Reached skill level 7 in Unarmed Combat
  5573 | D:6      | Noticed Blork the orc
  5583 | D:6      | Killed Blork the orc
  5623 | D:6      | Noticed Grinder
  5636 | D:6      | Killed Grinder
  5636 | D:6      | Reached skill level 8 in Unarmed Combat
  5640 | D:6      | Found Wuli's Gadget Emporium.
  5725 | D:6      | Noticed Pikel
  5740 | D:6      | Killed Pikel
  5740 | D:6      | Reached skill level 5 in Ice Magic
  5740 | D:6      | Reached XP level 9. HP: 64/64 MP: 9/13
  5742 | D:6      | Reached skill level 9 in Unarmed Combat
  6385 | D:7      | Learned a level 5 spell: Blade Hands
  6412 | D:7      | Found a staircase to the Ecumenical Temple.
  6421 | Temple   | Entered the Ecumenical Temple
  6622 | Temple   | Became a worshipper of Uskayaw the Reveler
  6640 | D:7      | Noticed Menkaure
  6646 | D:7      | Reached * piety under Uskayaw
  6649 | D:7      | Killed Menkaure
  6833 | D:7      | Reached ** piety under Uskayaw
  7207 | D:7      | Reached skill level 10 in Unarmed Combat
  7262 | D:7      | Reached skill level 5 in Spellcasting
  7641 | D:8      | Reached *** piety under Uskayaw
  7645 | D:8      | Reached **** piety under Uskayaw
  7648 | D:8      | Reached ***** piety under Uskayaw
  7654 | D:8      | Found the +2 ratskin cloak {+Rats rPois rN+ Str-1 Int-1
                  | Dex+1}
  7749 | D:8      | Found a sparkling altar of Nemelex Xobeh.
  7786 | D:8      | Found an ancient bone altar of Kikubaaqudgha.
  7858 | D:8      | Noticed Maurice
  7877 | D:8      | Killed Maurice
  7877 | D:8      | Reached XP level 10. HP: 61/71 MP: 15/17
  8269 | D:8      | Reached skill level 11 in Unarmed Combat
  9480 | D:9      | Noticed a two-headed ogre
  9490 | D:9      | Killed a two-headed ogre
  9490 | D:9      | Reached skill level 12 in Unarmed Combat
  9579 | D:9      | Found a staircase to the Lair.
  9622 | D:9      | Noticed a gargoyle
  9631 | D:9      | Reached skill level 1 in Invocations
  9754 | D:9      | Killed a gargoyle
  9971 | D:9      | Reached XP level 11. HP: 66/77 MP: 12/18
 10095 | D:9      | Found Upnut's Jewellery Shop.
 10333 | D:9      | Found a staircase to the Orcish Mines.
 10459 | D:10     | Entered Level 10 of the Dungeon
 11053 | D:10     | Reached skill level 5 in Invocations
 11305 | D:11     | Noticed an unseen horror
 11318 | D:11     | Killed an unseen horror
 11318 | D:11     | Reached skill level 13 in Unarmed Combat
 11533 | D:11     | Noticed a death knight
 11669 | D:11     | Killed a death knight
 12378 | Lair:1   | Entered Level 1 of the Lair of Beasts
 12430 | Lair:1   | Found a gate leading to a gauntlet.
 12458 | Gauntlet | Entered a Gauntlet
 12458 | Gauntlet | Found a transporter.
 12523 | Gauntlet | Found a transporter.
 12525 | Gauntlet | Found a transporter.
 12535 | Gauntlet | Found a transporter.
 12535 | Gauntlet | Found a transporter.
 12544 | Gauntlet | Found a transporter.
 12560 | Gauntlet | Found a transporter.
 12570 | Gauntlet | Found a transporter.
 12572 | Gauntlet | Noticed a reaper
 12579 | Gauntlet | Noticed a ghost crab
 12581 | Gauntlet | Found a transporter.
 12586 | Gauntlet | Found a transporter.
 12587 | Gauntlet | Found a transporter.
 12588 | Gauntlet | Found a transporter.
 12618 | Gauntlet | Found a transporter.
 12672 | Gauntlet | Found a transporter.
 12675 | Gauntlet | Found a runed translucent door.
 13020 | Gauntlet | Killed a reaper
 13020 | Gauntlet | Reached skill level 14 in Unarmed Combat
 13020 | Gauntlet | Reached XP level 12. HP: 34/83 MP: 0/19
 13033 | Gauntlet | Got a pair of shimmering gloves
 13139 | Gauntlet | Identified the +0 pair of gloves of Beogh's Outrage {Regen+
                  | Int+3} (You found it in a Gauntlet)
 13150 | Gauntlet | Identified the +1 chain mail "Lorrag" {rElec rF+ Str-2}
 13150 | Gauntlet | Noticed a minotaur
 13160 | Gauntlet | Killed a minotaur
 13337 | Lair:1   | Found a shadowy altar of Dithmenos.
 14636 | Lair:2   | Got a heavily runed cloak
 14647 | Lair:2   | Identified the cursed +0 cloak "Myfef" {Regen+ Dex+4} (You
                  | found it on level 2 of the Lair of Beasts)
 15170 | Lair:2   | Found a staircase to the Shoals.
 15634 | Lair:3   | Noticed a five-headed hydra
 15641 | Lair:3   | Killed a five-headed hydra
 15641 | Lair:3   | Reached skill level 5 in Fighting
 15785 | Lair:3   | Reached skill level 15 in Unarmed Combat
 15794 | Lair:3   | Reached skill level 5 in Dodging
 15799 | Lair:3   | Reached XP level 13. HP: 102/102 MP: 16/20
 15807 | Lair:3   | Reached ****** piety under Uskayaw
 15866 | Lair:3   | Found a staircase to the Snake Pit.
 15920 | Lair:3   | Noticed Fannar
 15935 | Lair:3   | Killed Fannar
 16286 | Lair:3   | Noticed Sonja
 16363 | Lair:3   | Killed Sonja
 16637 | Lair:4   | Found a shadowy altar of Dithmenos.
 16760 | Lair:4   | HP: 6/127 [eight-headed hydra (13)]
 18362 | Lair:5   | Slain by an eight-headed hydra

Illustrated notes

Levels and vault maps discovered:
D:1:      wander_arrival_abandoned_jail, layout_basic, minmay_misc_feat_x
D:2:      layout_loops_ring, first_ration
D:3:      layout_loops_ring
D:4:      minmay_general_purpose_star, layout_basic, uniq_robin
D:5:      layout_loops_ring
D:6:      layout_loops_ring, serial_shops,
          nicolae_shop_competitors_out_of_business, uniq_grinder, uniq_pikel,
          uniq_blork_the_orc
D:7:      layout_basic, minmay_temple_entry_large_hall, uniq_menkaure
D:8:      wander_guarded_unrand_ratskin, layout_basic,
          nemelex_xobeh_ov_fountains_minmay, special_room [special_room_orc],
          basic_altar, uniq_maurice
D:9:      layout_irregular_city, lair_entry_dummy, orc_0_dummy, serial_shops,
          nicolae_shop_stone
D:10:     layout_roguey, grunt_pizzeria
D:11:     layout_roguey, minmay_fractal_squares_gapless_7
Temple:   nicolae_temple_the_god_donut
Lair:1:   layout_regular_city, gauntlet_entry_generic, lemuel_centaur_altar
Lair:2:   layout_regular_city, elwin_shoals_entry_rocks
Lair:3:   layout_concentric_octagons, minmay_snake_entry_six_corridors,
          st_stairs_9, grunt_forest_stairs_clearing, uniq_sonja, uniq_fannar
Lair:4:   layout_regular_city, basic_altar, st_stairs_6,
          minmay_lair_oklob_chamber
Lair:5:   layout_gridlike, dpeg_slime_entry_enclosed_altar, beast_lair_carwin_9,
          serial_bayou_shore_b, lemuel_fruit_fields

Skill      XL: |  1  2  3  4  5  6  7  8  9 10 11 12 13 |
---------------+----------------------------------------+-----
Poison Magic   | 1 2 |  2.0
Transmutations | 3 4 6 7 9 |  9.0
Spellcasting   | 3 5 |  5.0
Unarmed Combat | 4 5 6 8 10 12 14 15 | 15.9
Ice Magic      | 1 5 |  5.0
Invocations    | 2 8 9 |  9.0
Dodging        | 5 7 |  7.5
Fighting       | 5 8 |  8.8

Action                   |  1- 3 |  4- 6 |  7- 9 | 10-12 | 13-15 || total
-------------------------+-------+-------+-------+-------+-------++-------
Melee: Unarmed           |   125 |   217 |   334 |   699 |   218 ||  1593
       Tailslap          |    18 |    11 |    13 |    48 |    22 ||   112
       Kick              |     2 |       |     3 |     3 |       ||     8
       Punch             |     2 |     2 |     4 |    26 |     7 ||    41
       Headbutt          |       |     1 |     2 |     1 |     2 ||     6
Throw: Throwing net      |       |       |     1 |       |       ||     1
 Cast: Beastly Appendage |     2 |     1 |     6 |     2 |     1 ||    12
       Sticks to Snakes  |     3 |     2 |       |     2 |       ||     7
       Spider Form       |       |     7 |    24 |    18 |     3 ||    52
       Ice Form          |       |       |     1 |    16 |     7 ||    24
       Blade Hands       |       |       |       |     8 |     8 ||    16
Invok: Stomp             |       |       |     1 |       |       ||     1
 Abil: Breathe Lightning |       |       |     3 |     1 |       ||     4
Evoke: Wand              |       |       |       |       |     5 ||     5
       Lightning rod     |       |       |       |       |     2 ||     2
  Use: Scroll            |       |       |     8 |    12 |     8 ||    28
       Potion            |       |       |     1 |     1 |     2 ||     4
 Stab: Sleeping          |     2 |     1 |     1 |       |       ||     4
       Paralysed         |       |       |     2 |    33 |     7 ||    42
       Held in net/web   |       |       |     1 |       |       ||     1
  Eat: Chunk             |     4 |     7 |    17 |    32 |     6 ||    66
       Ration            |       |       |       |     1 |     2 ||     3
Armor: Skin              |    32 |    35 |    43 |   170 |    57 ||   337
Dodge: Dodged            |    65 |   140 |   194 |   381 |   202 ||   982
